 Dungeon Crawl Stone Soup version 0.30-a0-297-g0ec75d9ef4 (webtiles) character file.

Game seed: 6972077084239978831

8 slphil the Trooper (level 2, -2/25 HPs)
             Began as a Barachi Fighter on Oct 19, 2022.
             Frozen to death by an endoplasm (4 damage)
             ... on level 1 of the Dungeon.
             The game lasted 00:00:50 (159 turns).

slphil the Trooper (Barachi Fighter)                 Turns: 159, Time: 00:00:51

Health: -2/25      AC:  7    Str: 17    XL:     2   Next: 8%
Magic:  2/2        EV:  9    Int:  8    God:
Gold:   7          SH:  4    Dex: 11    Spells: 1/1 levels left

rFire   . . .      SeeInvis .    a - +0 long sword
rCold   . . .      Faith    .    c - +0 buckler
rNeg    . . .      Spirit   .    b - +0 scale mail
rPois   .          Reflect  .    (no helmet)
rElec   .          Harm     .    (no cloak)
rCorr   .          Rampage  .    (no gloves)
Will    .....                    (no boots)
Stlth   ..........               (no amulet)
HPRegen 0.24/turn                (no ring)
MPRegen 0.08/turn                (no ring)

@: slow
A: amphibious, slowness 1, strong legs 1, +LOS
a: Hop


You were on level 1 of the Dungeon.
You visited 1 branch of the dungeon, and saw 1 of its levels.

You collected 7 gold pieces.

Inventory:

Hand Weapons
 a - a +0 long sword (weapon)
Armour
 b - a +0 scale mail (worn)
 c - a +0 buckler (worn)
Potions
 d - a potion of might
 e - a potion of curing {unknown}
 f - a potion of resistance {unknown}
 g - a potion of lignification {unknown}


   Skills:
 + Level 3.7 Fighting
 * Level 2.8 Long Blades
 + Level 3.7 Armour
 + Level 3.4 Shields


You had one spell level left.
You didn't know any spells.
Your spell library contained the following spells:

 Spells                   Type           Power      Damage    Failure   Level
 Summon Small Mammal      Summ           0%         N/A       88%         1
 Call Canine Familiar     Summ           0%         N/A       99%         3
 Summon Guardian Golem    Hex/Summ       0%         N/A       99%         3


Dungeon Overview and Level Annotations

Branches:
Dungeon (1/15)

Altars:


Innate Abilities, Weirdness & Mutations

You are amphibious.
You cover ground slowly.
You can hop short distances.
You have an extended range of vision and can be seen from far away.


Message History

You hit the kobold but do no damage.
The kobold is heavily wounded.
The kobold barely misses you. The endoplasm freezes you.
You are frozen.
You closely miss the kobold.
The kobold is heavily wounded.
You block the kobold's attack. The endoplasm freezes you.
You are frozen.
The endoplasm hits you. The kobold barely misses you.
You closely miss the kobold.
The kobold is heavily wounded.
The kobold hits you but does no damage.
The endoplasm hits you but does no damage.
You barely miss the kobold.
The kobold is heavily wounded.
The kobold hits you with a +0 club. The endoplasm closely misses you.
You barely miss the kobold.
The kobold is heavily wounded.
The kobold hits you with a +0 club. The endoplasm freezes you.
You are frozen.
* * * LOW HITPOINT WARNING * * *
You hit the endoplasm but do no damage. You block the kobold's attack.
The endoplasm freezes you.
You are frozen.
* * * LOW HITPOINT WARNING * * *
The endoplasm freezes you.
You are frozen.
* * * LOW HITPOINT WARNING * * *
The kobold hits you but does no damage.
You barely miss the endoplasm. The kobold hits you but does no damage.
You block the endoplasm's attack.
Unknown command.
You hit the endoplasm.
The endoplasm is almost dead.
You block the kobold's attack. The endoplasm freezes you.
You are frozen.
You die...

######..^#...#
###.'...###########
###...#.........#
#.###.........#
#.............#
####)†........#
##†........#
#.........#
#..@K.....#
.........J.....#
........###..###
........# .#
.........# #
.........#
##########


You could see an endoplasm and a kobold.

Vanquished Creatures
  2 hobgoblins (D:1)
  A ball python (D:1)
  A bat (D:1)
  A frilled lizard (D:1)
  2 goblins (D:1)
  2 rats (D:1)
9 creatures vanquished.

Notes
Turn   | Place    | Note
-------+----------+-------------------------------------------
     0 | D:1      | slphil the Barachi Fighter began the quest for the Orb.
     0 | D:1      | Reached XP level 1. HP: 18/18 MP: 1/1
   130 | D:1      | Reached XP level 2. HP: 19/25 MP: 2/2
   159 | D:1      | Frozen to death by an endoplasm

Illustrated notes

Levels and vault maps discovered:
D:1:      scummos_arrival_simple_fountains, layout_basic, serial_shops, shop

Action                   || total
-------------------------++-------
Melee: Long sword        ||    33
Armor: Scale mail        ||    18
Dodge: Dodged            ||    18
Block: Buckler           ||     5

Table legend: (Time is in decaauts)
 A = Elapsed time spent in this place.
 B = Non-inter-level travel time spent in this place.
 C = Inter-level travel time spent in this place.
 D = Time resting spent in this place.
 E = Time spent auto-exploring this place.
 F = Levels seen in this place.
 G = Mean time per level.
                   A        B        C        D        E       F      G
               +--------+--------+--------+--------+--------+-----+--------+
         Total |    189 |    189 |      0 |      0 |    113 |   1 |  189.0 |
       Dungeon |    189 |    189 |      0 |      0 |    113 |   1 |  189.0 |
               +--------+--------+--------+--------+--------+-----+--------+

Top non-repeatable levels by time:
     D:1: 189 daAuts
